 Dungeon Crawl Stone Soup version 0.29.1-15-g9cfb28693d (webtiles) character file.

Game seed: 14624018162075338506

30 Heoruswealwe the Caller (level 3, 19/19 HPs)
             Began as a Deep Elf Summoner on Feb 28, 2023.
             Was an Initiate of Ashenzari.
             Got out of the dungeon alive.
             The game lasted 00:16:26 (1150 turns).

Heoruswealwe the Caller (Deep Elf Summoner)         Turns: 1150, Time: 00:16:27

Health: 19/19      AC:  2    Str:  3 (4)  XL:     3   Next: 3%
Magic:  10/10      EV: 13    Int: 17 (20) God:    Ashenzari [......]
Gold:   45         SH:  0    Dex: 17 (19) Spells: 9/10 levels left

rFire   . . .      SeeInvis .   f - +0 short sword
rCold   . . .      Faith    .   (no shield)
rNeg    . . .      Spirit   .   a - +0 robe
rPois   .          Reflect  .   c - +0 helmet
rElec   +          Harm     .   (no cloak)
rCorr   .          Rampage  .   (no gloves)
Will    .....      Rnd*Tele +   (no boots)
Stlth   ++........              (no amulet)
HPRegen 0.06/turn               (no ring)
MPRegen 0.12/turn               (no ring)

@: no status effects
A: agile 1, deformed body, electricity resistance, teleportitis 1
a: Renounce Religion, Curse Item


You escaped.
You worshipped Ashenzari.
Ashenzari was noncommittal.
You visited 1 branch of the dungeon, and saw 1 of its levels.

You collected 45 gold pieces.

Inventory:

Hand Weapons
 f - a +0 short sword (weapon)
 h - a +0 club
 i - a +0 whip
 k - a +0 club
 l - a +0 club
 m - a +0 mace
 n - a +0 dagger
 o - a +0 club
 s - a +0 short sword
Missiles
 j - a stone
Armour
 a - a +0 robe (worn)
 c - a +0 helmet (worn)
 d - a +0 leather armour
 r - a +0 ring mail
Jewellery
 g - a ring of protection from cold
Scrolls
 p - a scroll of teleportation
Potions
 b - a potion of magic
 v - a potion of lignification


   Skills:
 - Level 2.4 Dodging
 - Level 2.4 Stealth
 + Level 4.0 Spellcasting
 + Level 5.0 Summonings


You had 9 spell levels left.
You knew the following spells:

 Your Spells              Type           Power      Damage    Failure   Level
a - Summon Small Mammal   Summ           80%        N/A       1%          1

Your spell library contained the following spells:

 Spells                   Type           Power      Damage    Failure   Level
 Call Imp                 Summ           20%        N/A       3%          2
 Call Canine Familiar     Summ           20%        N/A       6%          3
 Summon Guardian Golem    Hex/Summ       11%        N/A       17%         3
 Dazzling Flash           Conj/Hex       6%         N/A       43%         3
 Summon Lightning Spire   Summ/Air       11%        N/A       50%         4
 Iskenderun's Mystic Bla  Conj/Tloc      3%         2d3       83%         4
 Starburst                Conj/Fire      1%         6d3       100%        6


Dungeon Overview and Level Annotations

Branches:
Dungeon (1/15)

Altars:
Ashenzari


Innate Abilities, Weirdness & Mutations

You are agile. (Dex +4, Str/Int -1)
Armour fits poorly on your strangely shaped body.
You are resistant to electric shocks. (rElec)
You are occasionally teleported next to monsters.


Message History

Partly explored, can't reach some places.
There is an escape hatch in the floor here.
There is an open door here.
As you read the scroll labelled YZUPPUA EFIPUOCUR, it crumbles to dust.
It is a scroll of identify.
q - a potion of flight You feel very buoyant.
You fly up into the air.
Done exploring.
As you read the scroll labelled VUNOEWE COUG, it crumbles to dust.
You feel strangely unstable.
It was a scroll of teleportation.
Your surroundings suddenly seem different.
As you read the scroll labelled QEZISA OWIEDA, it crumbles to dust.
Magic quickly surges around you.
It was a scroll of vulnerability.
You start waiting.
You are starting to lose your buoyancy.
You start waiting.
You float gracefully downwards.
You start waiting.
You feel your willpower return.
As you read the scroll of identify, it crumbles to dust.
v - a potion of lignification It was a potion of mutation.
You feel extremely strange.
You feel agile.
Your thoughts seem clearer.
You feel yourself wasting away.
Really quaff the potion of mutation?
You feel extremely strange.
Your thinking seems confused.
You feel healthier.
Your body twists and deforms.
You feel weirdly uncertain.
You feel insulated.
It was a potion of degeneration.
There was something very wrong with that liquid.
You feel weakened.
You feel dopey.
You feel clumsy.
Press: ? - help, . - travel You can't see that place. [a rock wall.] Unknown command.
There is an open door here.
There is an open door here.
There is a staircase leading out of the dungeon here.
Are you sure you want to leave the Dungeon?
This will make you lose the game!
You have escaped!

#..⌠.......#....#.###..
##...#.######..#####...
#####.# #'## #..# ###
##'## ###.. ###.###....
##....#..... #####
##.##.....###
##...###..###...## #
#..@..##..##.#..## #
#.....#.#..###...###
##...####...###.....
#..#####..### ##....
#...###...# ###..#
##...#...## ##.#...
##....### #...##.
#####.#'## ##.#..#.
##...####'## ##..###..


There were no monsters in sight!

Vanquished Creatures
  2 ball pythons (D:1)
  A frilled lizard (D:1)
  A rat (D:1)
4 creatures vanquished.

Vanquished Creatures (collateral kills)
  A dart slug (D:1)
  An endoplasm (D:1)
  A giant cockroach (D:1)
  3 goblins (D:1)
  3 hobgoblins (D:1)
  3 jackals (D:1)
  4 kobolds (D:1)
  3 ball pythons (D:1)
  2 frilled lizards (D:1)
  A rat (D:1)
22 creatures vanquished.

Vanquished Creatures (others)
  2 fungi (D:1)
2 creatures vanquished.

Grand Total: 28 creatures vanquished

Notes
Turn   | Place    | Note
-------+----------+-------------------------------------------
     0 | D:1      | Heoruswealwe the Deep Elf Summoner began the quest for the
                  | Orb.
     0 | D:1      | Reached XP level 1. HP: 10/10 MP: 6/6
   342 | D:1      | Reached XP level 2. HP: 15/15 MP: 5/8
   507 | D:1      | Found a faded altar of an unknown god.
   520 | D:1      | Prayed at the altar of an unknown god.
   520 | D:1      | Became a worshipper of Ashenzari the Shackled
   889 | D:1      | Reached skill level 5 in Summonings
   889 | D:1      | Reached XP level 3. HP: 19/19 MP: 10/10
  1125 | D:1      | Gained mutation: You are agile. (Dex +4, Str/Int -1)
                  | [potion of mutation]
  1125 | D:1      | Gained mutation: You possess an exceptional clarity of
                  | mind. [potion of mutation]
  1125 | D:1      | Gained mutation: Your body sometimes deteriorates upon
                  | taking damage. [potion of mutation]
  1126 | D:1      | Lost mutation: You possess an exceptional clarity of mind.
                  | [potion of mutation]
  1126 | D:1      | Lost mutation: Your body sometimes deteriorates upon taking
                  | damage. [potion of mutation]
  1126 | D:1      | Gained mutation: Armour fits poorly on your strangely
                  | shaped body. [potion of mutation]
  1126 | D:1      | Gained mutation: You are occasionally teleported next to
                  | monsters. [potion of mutation]
  1126 | D:1      | Gained mutation: You are resistant to electric shocks.
                  | (rElec) [potion of mutation]
  1150 | D:$      | Got out of the dungeon alive.

Illustrated notes

Levels and vault maps discovered:
D:1:      dpeg_cavernosity, layout_loops_ring, shapermc_ecumenical_altar_petra,
          minmay_misc_feat_secret_circle, hex_tiny,
          chequers_serial_rivers_micro_d

Skill      XL: |  1  2 |
---------------+-------+-----
Spellcasting   | 4 |  4.0
Summonings     | 5 |  5.0
Dodging        | |  2.4
Stealth        | |  2.4

Action                   || total
-------------------------++-------
Melee: Short sword       ||    22
       Unarmed           ||     1
 Cast: Summon Small Mamm ||    22
  Use: Scroll            ||     4
       Potion            ||     4
 Stab: Sleeping          ||     1
Armor: Robe              ||     2
Dodge: Dodged            ||    17
